 Dungeon Crawl Stone Soup version 0.27.0-1-g7a089689b8 (webtiles) character file.

Game seed: 17103579892027687711

75121 Kinoniko the Severer (level 15, -10/133 HPs)
             Began as a Palentonga Berserker on Aug 6, 2021.
             Was the Champion of Trog.
             Mangled by Agnes (26 damage)
             ... on level 14 of the Dungeon.
             The game lasted 00:24:30 (17554 turns).

Kinoniko the Severer (Palentonga Berserker)        Turns: 17554, Time: 00:24:30

Health: -10/133    AC: 32    Str: 23    XL:     15   Next: 8%
Magic:  15/15      EV:  6    Int: 11    God:    Trog [******]
Gold:   1273       SH:  0    Dex: 11    Spells: 14/14 levels left

rFire    + . .     SeeInvis +   S - +8 battleaxe (vorpal)
rCold    + . .     Faith    .   (shield currently unavailable)
rNeg     . . .     Spirit   .   I - +5 scale mail of Fedd {Str-3 Int+4}
rPois    +         Reflect  .   G - +2 hat
rElec    .         Harm     .   o - scarf {rC+ rF+}
rCorr    .         Rampage  .   f - +2 pair of gloves
Will     +....                  T - +0 barding
Stlth    +.........             C - amulet of regeneration
HPRegen  1.32/turn              r - +4 ring of protection
MPRegen  0.14/turn              u - +4 ring of slaying

@: on berserk cooldown, slowed, curled up, very slow
A: large, rugged brown scales 3, see invisible, deformed body, roll 1, armoured
tail, reflexive curl, camouflage 1, poison resistance, wild magic 1
a: Rolling Charge, Renounce Religion, Berserk, Trog's Hand, Brothers in Arms


You were on level 14 of the Dungeon.
You worshipped Trog.
Trog was exalted by your worship.
You visited 2 branches of the dungeon, and saw 20 of its levels.
You also visited: Sewer and Ice Cave.

You collected 1525 gold pieces.
You spent 252 gold pieces at shops.

Inventory:

Hand Weapons
 Q - a +4 battleaxe of flaming
 S - a +8 vorpal battleaxe (weapon)
 U - a +2 vorpal broad axe
 V - a +1 executioner's axe of venom
Missiles
 w - 3 throwing nets
Armour
 f - a +2 pair of gloves (worn)
 n - a +1 cloak
 o - a scarf of resistance (worn)
 G - a +2 hat (worn)
 I - the +5 scale mail of Fedd (worn) {Str-3 Int+4}
   (You bought it in a shop on level 10 of the Dungeon)

   Str:       It affects your strength (-3).
   Int:       It affects your intelligence (+4).
 M - a +0 buckler
 T - a +0 barding (worn)
Jewellery
 q - the ring of Agrelo {Fire Int+8}
   (You found it on level 5 of the Lair of Beasts)

   [ring of fire]

   It enhances your fire magic.
   Int:       It affects your intelligence (+8).
   rF:        It protects you from fire.
   rC:        It makes you vulnerable to cold.
 r - a +4 ring of protection (left hand)
 s - a ring of resist corrosion
 u - a +4 ring of slaying (right hand)
 y - an amulet of guardian spirit
 A - a ring of positive energy
 C - an amulet of regeneration (around neck)
 N - a ring of willpower
 O - a +4 ring of slaying
Wands
 d - a wand of acid (61)
 i - a wand of flame (34)
 m - a wand of mindburst (14)
 t - a wand of paralysis (13)
 z - a wand of charming (15)
 B - a wand of iceblast (20)
 L - a wand of polymorph (18)
Scrolls
 c - 2 scrolls of magic mapping
 l - 3 scrolls of fog
 v - 6 scrolls of amnesia
 x - 3 scrolls of teleportation
 D - a scroll of holy word
 E - 3 scrolls of immolation
 H - a scroll of vulnerability
 P - a scroll of blinking
Potions
 a - 2 potions of ambrosia
 b - 4 potions of haste
 e - 4 potions of flight
 g - 3 potions of mutation
 h - 3 potions of cancellation
 j - 3 potions of berserk rage
 k - 5 potions of attraction
 p - 4 potions of curing
 J - 2 potions of resistance {unknown}
 K - 4 potions of might {unknown}
Miscellaneous
 F - a condenser vane


   Skills:
 * Level 13.7 Fighting
 - Level 20.9 Axes
 + Level 3.6 Armour
 + Level 3.0 Dodging


You had 14 spell levels left.
You didn't know any spells.
Your spell library contained the following spells:

 Spells                   Type           Power      Damage    Failure   Level
 Apportation              Tloc           0%         N/A       73%         1
 Lesser Beckoning         Tloc           0%         N/A       97%         3
 Borgnjor's Vile Clutch   Necr/Erth      0%         N/A       100%        5
 Death Channel            Necr           0%         N/A       100%        6


Dungeon Overview and Level Annotations

Branches:
Dungeon (15/15)            Temple (0/1) D:4            Lair (6/6) D:9
 Shoals (0/4) Lair:4       Spider (0/4) Lair:3        Slime (0/5) Lair:5
    Orc (0/2) D:11          Sewer (visited)           IceCv (visited)
 Vaults: D:13-14     Depths: D:15

Altars:
Dithmenos
Elyvilon
Fedhas
Hepliaklqana
Okawaru
Vehumet

Shops:
D:10 [   D:12 *

Portals:
Bazaar: D:14

Annotations:
D:4 2 runed translucent doors, Migumi's ghost, amateur GnWn
D:14 Agnes
Lair:2 3 runed translucent doors, Fv001's ghost, journeyman GrEE; Haraddelas's ghost, journeyman OpTm
Lair:5 exclusion: 2 oklob plants


Innate Abilities, Weirdness & Mutations

You are completely covered in rugged brown scales. (AC +3, +7% HP)
You have supernaturally acute eyesight. (SInv)
Armour fits poorly on your strangely shaped body.
You can roll at nearby foes to attack.
You have a long armoured tail.
You curl defensively after being hit.
Your skin changes colour to match your surroundings (Stealth+).
Your system is resistant to poisons. (rPois)
Your spells are a little harder to cast, but a little more powerful.


Message History

You closely miss Agnes.
Your tail-slap misses Agnes.
Agnes is heavily wounded.
Agnes closely misses you.
Agnes hits you with a +0 lajatang of distortion!!
Space bends around you.
You are too injured to fight recklessly!
You are too injured to fight recklessly!
You are too injured to fight recklessly!
You are too injured to fight recklessly!
You are too injured to fight recklessly!
Your iron troll goes berserk!
Agnes hits you with a +0 lajatang of distortion!
* * * LOW HITPOINT WARNING * * *
Space bends around you.
* * * LOW HITPOINT WARNING * * *
Agnes hits you with a +0 lajatang of distortion.
* * * LOW HITPOINT WARNING * * *
Space warps horribly around you!
* * * LOW HITPOINT WARNING * * *
Agnes hits you with a +0 lajatang of distortion.
* * * LOW HITPOINT WARNING * * *
You blink.
Unknown command.
Unknown command.
Unknown command.
Unknown command.
Unknown command.
Agnes hits you but does no damage.
You blink.
Splash!
You fall into the shallow water.
Moving in this stuff is going to be slow.
Your iron troll bites Agnes!!!
Your iron troll claws Agnes.
Your iron troll misses Agnes.
Unknown command.
Unknown command.
Unknown command.
Unknown command.
Unknown command.
Agnes hits you with a +0 lajatang of distortion!!
You die...

*,,,,,,,,,,,,#...# *,..,,,,
*,,,,,,,,,,,,#...# *,,.,,,,
*,,,,,,,,#####...# *,,,,,,,
*,,,,,,,,#.......# *,..,***
*,,,,,,,,#.......#####...,*
*,,,,,,,,#...............,*
*,,,,,,,,#...............**
*,,,,,,,,#....!.....###..*
*,,,,.,..#..@....#### *,,*
*,,,,....##.i....# *,,****
*,,,,...≈≈B≈≈.T..# *,,,,,*
*,,,,..≈≈≈≈≈≈≈...# *,,,,,,
*,,,,..≈≈<∩>≈≈...# *,,,,,,
*****#.≈≈≈≈≈≈≈...# *,,,,,,
#..≈≈≈≈≈....# *,,,,,,
#...........#*****,,,,,,
#....#.............,,,,,


You could see Agnes (ally target), a boulder beetle and a friendly iron troll
(summoned, berserk).

Vanquished Creatures
  The ghost of Majang the Cleaver, a journeyman DsGl of Makhleb (Lair:6)
  Nessos (Lair:4)
  3 dire elephants (Lair:6)
  A boulder beetle (Lair:3)
  10 hydras
  A catoblepas (Lair:6)
  2 ironbound frosthearts (IceCv)
  Erica (D:10)
  2 two-headed ogres
  10 death yaks
  A lindwurm (Lair:6)
  A spectral anaconda (Lair:6)
  An obsidian statue (Lair:6)
  4 necromancers (Lair:6)
  Pikel (D:6)
  A deep elf pyromancer (D:15)
  2 ugly things
  An orb spider (Lair:3)
  A cyclops (D:12)
  A manticore (D:9)
  22 elephants
  6 black mambas
  13 cane toads
  A torpor snail (Lair:5)
  An ice statue (IceCv)
  5 rime drakes
  11 komodo dragons
  3 trolls
  A queen bee (Lair:5)
  9 polar bears
  3 meliai (Lair:5)
  17 blink frogs
  A shadow (D:9)
  64 yaks
  A wraith (D:9)
  A dire elephant simulacrum (Lair:6)
  3 wyverns
  A vampire (D:10)
  2 basilisks
  2 water elementals (D:14)
  2 steam dragons
  2 vampire mosquitoes (D:11)
  Menkaure (D:4)
  2 death yak simulacra (Lair:6)
  11 water moccasins
  Duvessa (D:6)
  A black bear (D:6)
  3 orc warriors
  A necrophage (D:7)
  34 wolves
  2 ogres
  The ghost of kuniqs the Ducker, an amateur GnWn (D:3)
  An elephant zombie (Lair:6)
  5 centaurs
  4 lemures (D:6)
  3 kobold brigands
  A gnoll sergeant (D:7)
  Dowan (D:6)
  10 bullfrogs
  A cane toad simulacrum (Lair:6)
  38 killer bees
  8 wights
  2 elephant simulacra (Lair:6)
  An electric eel (Lair:4)
  3 howler monkeys (D:7)
  6 centaur zombies
  4 jellies
  A bullfrog zombie (D:6)
  6 orc priests
  A gnoll shaman (D:8)
  5 hounds
  2 iguanas
  Natasha (D:2)
  7 orc wizards
  2 hell rats (Lair:5)
  A killer bee zombie (D:9)
  A howler monkey zombie (D:7)
  8 gnolls
  21 adders
  A shadow imp (D:8)
  13 white imps
  An ufetubus (D:7)
  8 worms
  25 orcs
  13 ball pythons
  7 endoplasms
  4 giant cockroaches (D:1)
  12 goblins
  11 hobgoblins
  8 jackals
  6 quokkas
  8 bats
  A frilled lizard (D:1)
  15 kobolds
  5 rats
556 creatures vanquished.

Vanquished Creatures (collateral kills)
  A hydra (Lair:6)
  A blink frog (Lair:6)
2 creatures vanquished.

Vanquished Creatures (others)
  An electric eel (D:14)
  26 fungi
  26 plants
  31 withered plants
84 creatures vanquished.

Grand Total: 642 creatures vanquished

Notes
Turn   | Place    | Note
-------+----------+-------------------------------------------
     0 | D:1      | Kinoniko the Palentonga Berserker began the quest for the
                  | Orb.
     0 | D:1      | Reached XP level 1. HP: 19/19 MP: 1/1
    91 | D:1      | Reached XP level 2. HP: 25/25 MP: 2/2
   541 | D:1      | Reached skill level 4 in Axes
   629 | D:1      | Reached XP level 3. HP: 31/31 MP: 3/3
   757 | D:1      | Reached ** piety under Trog
   922 | D:1      | Found a faded altar of an unknown god.
  1399 | D:2      | Reached XP level 4. HP: 37/37 MP: 4/4
  1430 | D:2      | Reached skill level 5 in Axes
  2370 | D:2      | Reached XP level 5. HP: 38/43 MP: 5/5
  2431 | D:2      | Reached skill level 6 in Axes
  2526 | D:2      | Noticed Natasha
  2539 | D:2      | Killed Natasha
  2882 | D:3      | Found a runed translucent gate.
  2882 | D:3      | Found a runed translucent gate.
  2882 | D:3      | Noticed kuniqs's ghost (amateur GnWn)
  2885 | D:3      | Found a runed translucent gate.
  2943 | D:3      | Found a glowing drain.
  2947 | Sewer    | Entered a sewer
  2952 | Sewer    | Reached *** piety under Trog
  3041 | Sewer    | Noticed a water moccasin
  3048 | Sewer    | Killed a water moccasin
  3049 | Sewer    | Reached skill level 7 in Axes
  3049 | Sewer    | Reached XP level 6. HP: 50/50 MP: 6/6
  3321 | D:3      | Found a shadowy altar of Dithmenos.
  3782 | D:3      | Killed kuniqs's ghost
  3792 | D:3      | Reached skill level 8 in Axes
  3792 | D:3      | Gained mutation: You curl defensively after being hit.
                  | [Palentonga growth]
  3792 | D:3      | Reached XP level 7. HP: 55/55 MP: 7/7
  4038 | D:4      | Noticed Menkaure
  4043 | D:4      | Killed Menkaure
  4167 | D:4      | Found a large runed translucent door.
  4167 | D:4      | Found a large runed translucent door.
  4168 | D:4      | Noticed Migumi's ghost (amateur GnWn)
  4248 | D:4      | Reached skill level 9 in Axes
  4481 | D:4      | Found a staircase to the Ecumenical Temple.
  4687 | D:5      | Entered Level 5 of the Dungeon
  4938 | D:5      | Reached **** piety under Trog
  5007 | D:5      | Found a hazy altar of Hepliaklqana.
  5201 | D:5      | Reached XP level 8. HP: 62/62 MP: 8/8
  5307 | D:6      | Reached skill level 10 in Axes
  5368 | D:6      | Reached skill level 11 in Axes
  5388 | D:6      | Reached XP level 9. HP: 43/67 MP: 9/9
  5526 | D:6      | Noticed Duvessa
  5526 | D:6      | Noticed Dowan
  5536 | D:6      | Killed Duvessa
  5537 | D:6      | Reached skill level 12 in Axes
  5545 | D:6      | Killed Dowan
  5679 | D:6      | Noticed Pikel
  5692 | D:6      | Killed Pikel
  6131 | D:7      | Found an iron altar of Okawaru.
  6198 | D:7      | Reached skill level 13 in Axes
  6908 | D:8      | Reached ***** piety under Trog
  7192 | D:8      | Reached XP level 10. HP: 74/74 MP: 10/10
  7829 | D:9      | Reached skill level 14 in Axes
  7883 | D:9      | Found a staircase to the Lair.
  7901 | D:9      | Noticed a two-headed ogre
  7942 | D:9      | Gained mutation: Your skin changes colour to match your
                  | surroundings (Stealth+). [potion of mutation]
  7942 | D:9      | Gained mutation: Your system is resistant to poisons.
                  | (rPois) [potion of mutation]
  7942 | D:9      | Gained mutation: Your spells are a little harder to cast,
                  | but a little more powerful. [potion of mutation]
  7964 | D:9      | Killed a two-headed ogre
  7969 | D:9      | Reached skill level 5 in Fighting
  8128 | D:9      | Noticed a manticore
  8138 | D:9      | Killed a manticore
  8255 | D:9      | Reached skill level 15 in Axes
  8368 | D:9      | Found a radiant altar of Vehumet.
  8572 | D:10     | Entered Level 10 of the Dungeon
  8771 | D:10     | Reached XP level 11. HP: 75/86 MP: 11/11
  9011 | D:10     | Noticed Erica
  9034 | D:10     | Killed Erica
  9281 | D:10     | Found Daxeuty's Antique Armour Shoppe.
  9292 | D:10     | Bought a polished scale mail for 252 gold pieces
  9292 | D:10     | Identified the +5 scale mail of Fedd {Str-3 Int+4} (You
                  | bought it in a shop on level 10 of the Dungeon)
  9882 | D:11     | Noticed a two-headed ogre
  9883 | D:11     | Found a staircase to the Orcish Mines.
  9888 | D:11     | Killed a two-headed ogre
 10187 | D:11     | Reached skill level 16 in Axes
 10281 | D:11     | Noticed an eight-headed hydra
 10290 | D:11     | Killed a 14-headed hydra
 10446 | Lair:1   | Entered Level 1 of the Lair of Beasts
 10473 | Lair:1   | Found a frozen archway.
 10522 | IceCv    | Entered an ice cave
 10800 | IceCv    | Noticed a white ugly thing
 10805 | IceCv    | Killed a white ugly thing
 10805 | IceCv    | Received a gift from Trog
 10883 | IceCv    | Noticed an ironbound frostheart
 10883 | IceCv    | Noticed an ironbound frostheart
 10896 | IceCv    | Killed an ironbound frostheart
 10897 | IceCv    | Reached XP level 12. HP: 46/100 MP: 4/12
 10902 | IceCv    | Killed an ironbound frostheart
 10903 | IceCv    | Reached skill level 17 in Axes
 10971 | IceCv    | Got Sif Muna's Catalogue of the Voyage and Dark Rites
 11123 | IceCv    | Noticed a death yak
 11132 | IceCv    | Killed a death yak
 12050 | Lair:2   | Noticed an eight-headed hydra
 12057 | Lair:2   | Killed a 14-headed hydra
 12193 | Lair:2   | Reached skill level 10 in Fighting
 12193 | Lair:2   | Reached skill level 18 in Axes
 12290 | Lair:2   | Found a white marble altar of Elyvilon.
 12481 | Lair:2   | Found a runed translucent gate.
 12482 | Lair:2   | Found a runed translucent gate.
 12483 | Lair:2   | Found a runed translucent gate.
 12484 | Lair:2   | Noticed Fv001's ghost (journeyman GrEE)
 12485 | Lair:2   | Noticed Haraddelas's ghost (journeyman OpTm)
 12723 | Lair:3   | Received a gift from Trog
 12723 | Lair:3   | Noticed a six-headed hydra
 12735 | Lair:3   | Reached XP level 13. HP: 90/111 MP: 4/13
 12957 | Lair:3   | Found a hole to the Spider Nest.
 13729 | Lair:4   | Found a staircase to the Shoals.
 13902 | Lair:4   | Reached skill level 19 in Axes
 14145 | Lair:4   | Noticed Nessos
 14152 | Lair:4   | Killed Nessos
 14619 | Lair:5   | Found a staircase to the Slime Pits.
 14804 | Lair:5   | Found a blossoming altar of Fedhas.
 14930 | Lair:5   | Received a gift from Trog
 15193 | Lair:5   | Identified the ring of Agrelo {Fire Int+8}
 15597 | Lair:6   | Entered Level 6 of the Lair of Beasts
 15607 | Lair:6   | Reached XP level 14. HP: 123/123 MP: 14/14
 15633 | Lair:6   | Reached skill level 20 in Axes
 15636 | Lair:6   | HP: 3/123 [ten-headed hydra (9)]
 16116 | Lair:6   | Reached ****** piety under Trog
 16189 | Lair:6   | Received a gift from Trog
 16271 | Lair:6   | Noticed Majang's ghost (journeyman DsGl)
 16274 | Lair:6   | Found a runed translucent door.
 17202 | Lair:6   | Killed Majang's ghost
 17203 | Lair:6   | Reached XP level 15. HP: 133/133 MP: 15/15
 17380 | D:12     | Found Athot's Demolitions Depot.
 17424 | D:12     | You fall into a shaft and drop 3 floors!
 17424 | D:15     | Entered Level 15 of the Dungeon
 17532 | D:14     | Found a flickering gateway to a bazaar.
 17535 | D:14     | Noticed Agnes
 17554 | D:14     | Mangled by Agnes

Illustrated notes

Levels and vault maps discovered:
D:1:      minmay_arrival_cross, layout_basic,
          dilly_ecumenical_altar_fadedgnrine, minmay_3d_cube
D:2:      layout_basic, minmay_snake_closets, uniq_natasha
D:3:      layout_basic, mainiacjoe_overflow_chevrons,
          gammafunk_ghost_nasty_kobolds, gup_sewer_entry_bowl,
          nicolae_underground_beach
D:4:      layout_cave_pools, minmay_temple_entry_statues_fountains,
          ebering_ghost_disaster_area, uniq_menkaure
D:5:      layout_basic, nicolae_hepliaklqana_hippocampus
D:6:      layout_rooms, uniq_duvessa, uniq_pikel
D:7:      layout_loops_ring, okawaru_ov_weapons_minmay
D:8:      layout_layer_cave
D:9:      layout_rooms, nicolae_vehumet_radiance, lair_entry_dummy, st_stairs_3,
          minmay_joined_circles
D:10:     layout_grid_maze, serial_shops, shop_fountains, eino_tiny_chamber,
          uniq_erica
D:11:     layout_irregular_city, david_orc_2, nicolae_wwwww
D:12:     layout_loops_ring, nicolae_blasting_shop, abandoned_shop,
          minmay_guarded_unrand_staff_of_olgreb
D:14:     layout_irregular_city, serial_shops, bzr_entry_islet,
          lemuel_freeze_loot_1, uniq_agnes, uniq_kirke
D:15:     gammafunk_enter_depths_forms, layout_stronghold, uniq_rupert,
          uniq_roxanne, uniq_louise
Lair:1:   layout_roguey, portal_ice_cave_entry_imps
Lair:2:   layout_gridlike, gammafunk_ghost_cemetery, basic_altar,
          grunt_megastairs_5, lemuel_fruit_tree
Lair:3:   layout_hall_layers, nicolae_spider_entry_orb_guardian
Lair:4:   layout_cellular_growth, elwin_shoals_entry_rocks,
          serial_bayou_shore_b, uniq_nessos
Lair:5:   regret_index_bee_streams, layout_loops_ring, slime_dummy,
          chequers_serial_rivers_micro_a, hangedman_tree_tricks, st_stairs_10
Lair:6:   due_jungle_book, layout_cave_shapes, hellmonk_ghost_happy_afterlife,
          grunt_forest_stairs_basic, grunt_megastairs_4

Skill      XL: |  1  2  3  4  5  6  7  8  9 10 11 12 13 14 15 |
---------------+----------------------------------------------+-----
Axes           | 4 5 7 8 9 11 13 15 16 18 19 20 | 20.9
Armour         | 2 3 |  3.6
Fighting       | 6 8 10 12 13 | 13.7
Dodging        | 2 3 |  3.0

Action                   |  1- 3 |  4- 6 |  7- 9 | 10-12 | 13-15 || total
-------------------------+-------+-------+-------+-------+-------++-------
Melee: Hand axe          |    97 |   214 |     1 |       |       ||   312
       Tailslap          |    11 |    30 |    37 |    70 |    76 ||   224
       War axe           |       |       |   240 |   297 |       ||   537
       Battleaxe         |       |       |       |   175 |   420 ||   595
Invok: Berserk           |       |     4 |    10 |    13 |    12 ||    39
       Brothers in Arms  |       |       |       |       |     3 ||     3
 Abil: Rolling Charge    |       |       |       |       |     1 ||     1
  Use: Scroll            |       |       |     9 |     4 |     7 ||    20
       Potion            |       |       |       |    11 |       ||    11
 Stab: Petrifying        |       |       |       |       |     1 ||     1
       Petrified         |       |       |       |       |     1 ||     1
Armor: Animal skin       |    23 |       |       |       |       ||    23
       Leather armour    |    23 |    95 |   122 |    88 |       ||   328
       Skin              |       |       |       |    19 |       ||    19
       Scale mail        |       |       |       |   292 |   384 ||   676
Dodge: Dodged            |    46 |   111 |    75 |   208 |   119 ||   559
